Map: Dusk Towers

Players

Namshar

  • Race: Zerg Zerg
  • League: Grandmaster

Miszu - Winner!

  • Race: Terran Terran
  • League: Master

VOD

Have the link to the VOD?

Description

Time

  • Played on: April 18, 2016, 4:58 p.m.
  • Length: 14:45
Show
View Real Time Build Order
Export as new Build Order

Namshar Zerg 

Build Orders: Hatch First 

Get SALT Encoding   

  12  0:01  Drone  
  13  0:08  Drone  
  14  0:17  Overlord  
  14  0:23  Extractor  
  14  0:24  Drone  
  15  0:35  Drone  
  15  0:36  Drone  
  17  0:52  Hatchery  
  17  0:55  Drone  
  17  0:59  Drone  
  18  1:10  Extractor  
  17  1:14  Spawning Pool  
  17  1:16  Drone  
  17  1:19  Drone  
  18  1:27  Drone  
  19  1:44  Overlord  
  19  1:51  Drone  
  20  2:00  Queen  
  22  2:02  Zergling x2  
  22  2:04  Queen  
  22  2:05  Zergling x2  
  26  2:10  Metabolic Boost, Drone  
  28  2:15  Drone  
  28  2:22  Drone  
  29  2:29  Overlord  
  29  2:36  Queen, Drone  
  32  2:40  Drone  
  33  2:47  Drone  
  34  2:52  Overlord  
  34  2:54  Drone  
  34  2:58  Queen, Drone  
  36  3:04  Drone  
  39  3:12  Queen, Drone x5  
  46  3:17  Overlord  
  46  3:19  Drone  
  47  3:22  Drone  
  47  3:23  Drone  
  49  3:34  Hatchery  
  49  3:39  Extractor  
  47  3:42  Drone  
  47  3:45  Roach Warren  
  47  3:47  Lair  
  47  3:50  Drone x2  
  47  3:51  Drone  
  47  3:53  Drone  
  51  3:55  Extractor  
  51  4:00  Drone  
  51  4:01  Drone x2  
  51  4:02  Overlord  
  53  4:06  Overlord  
  53  4:25  Queen  
  53  4:28  Drone  
  53  4:30  Drone x5  
  61  4:31  Roach  
  61  4:32  Roach x2  
  61  4:35  Roach  
  69  4:41  Spore Crawler  
  69  4:42  Drone  
  69  4:46  Spire  
  69  4:51  Drone x3  
  71  4:57  Drone x4  
  75  5:08  Extractor  
  75  5:09  Drone x3  
  75  5:10  Drone  
  75  5:11  Overlord  
  75  5:12  Overlord  
  78  5:18  Drone  
  78  5:20  Drone x2  
  81  5:24  Drone  
  82  5:30  Drone x2  
  82  5:31  Drone x3  
  82  5:33  Extractor  
  82  5:34  Extractor, Drone x2  
  82  5:35  Drone  
  88  5:38  Drone x3  
  88  5:39  Evolution Chamber  
  88  5:41  Hatchery  
  88  5:42  Evolution Chamber  
  88  5:43  Drone x2  
  88  5:47  Spore Crawler, Drone  
  88  5:48  Spore Crawler  
  89  5:59  Overlord x3, Hatchery  
  89  6:06  Mutalisk  
  89  6:07  Mutalisk x3  
  97  6:14  Zerg Flyer Weapons Level 1  
  97  6:17  Drone  
  98  6:19  Infestation Pit, Mutalisk x4  
  98  6:22  Glial Reconstitution  
  107  6:25  Roach  
  107  6:28  Roach x2  
  111  6:33  Roach  
  111  6:36  Overlord x4  
  111  6:38  Zergling x2  
  103  7:10  Mutalisk x4  
  103  7:12  Drone x7  
  103  7:13  Drone  
  103  7:14  Hatchery  
  118  7:15  Zerg Missile Weapons Level 1, Zerg Ground Armor Level 1  
  118  7:27  Overlord x3, Hive  
  118  7:30  Ravager  
  118  7:33  Extractor  
  118  7:34  Roach  
  118  7:35  Roach x6  
  118  7:36  Extractor  
  131  7:40  Roach x3  
  137  7:49  Roach x5  
  137  7:50  Roach  
  149  8:03  Spore Crawler  
  149  8:05  Overlord, Ravager x3  
  151  8:06  Overlord x3  
  151  8:19  Roach  
  165  8:20  Roach x9  
  165  8:21  Overlord  
  165  8:22  Overlord  
  171  8:39  Roach  
  171  8:40  Roach x9  
  191  8:44  Greater Spire  
  191  8:47  Ravager x4  
  195  9:01  Corruptor x2  
  181  9:14  Roach x3  
  181  9:15  Roach x6  
  162  9:18  Ravager  
  162  9:22  Roach x9  
  181  9:24  Queen  
  183  9:35  Roach  
  183  9:36  Roach x4  
  193  9:45  Roach x6  
  175  9:52  Roach  
  162  9:53  Roach x3  
  162  9:59  Roach x4  
  137  10:00  Roach x2  
  137  10:04  Roach  
  137  10:06  Roach  
  137  10:07  Roach x2  
  117  10:16  Brood Lord x2  
  121  10:27  Queen  
  123  10:30  Roach x6  
  123  10:32  Ravager x2  
  123  10:33  Ravager x2  
  123  10:34  Ravager  
  140  10:37  Roach  
  140  10:38  Roach  
  144  10:54  Roach  
  144  10:55  Roach x6  
  154  11:09  Drone  
  153  11:20  Pathogen Glands  
  153  11:24  Hatchery  
  152  11:26  Corruptor x4  
  152  11:31  Queen  
  152  11:32  Queen  
  164  11:35  Queen  
  166  11:47  Infestor x2  
  166  11:50  Infestor  
  172  12:00  Extractor  
  172  12:10  Brood Lord x2  
  172  12:13  Hatchery  
  175  12:16  Brood Lord  
  177  12:25  Infestor  
  179  12:32  Corruptor  
  181  12:37  Corruptor  
  181  12:50  Infestor  
  163  12:59  Extractor  
  163  13:00  Corruptor x2, Hatchery  
  163  13:02  Extractor  
  163  13:05  Queen  
  156  13:07  Queen  
  150  13:18  Infestor x2  
  152  13:21  Drone  
  152  13:22  Drone x3  
  152  13:23  Drone x3  
  152  13:26  Drone  
  160  13:32  Queen  
  162  13:39  Ravager  
  162  13:40  Corruptor x2, Ravager  
  168  13:47  Corruptor  
  168  13:48  Hatchery  
  119  14:02  Roach  
  119  14:03  Roach x4  
  101  14:11  Roach x2  
  101  14:16  Roach x2  
  103  14:21  Roach x2  
Show
View Real Time Build Order
Export as new Build Order

Miszu Terran - Winner!

Build Orders: Reaper Expand, MMM Bio 

Get SALT Encoding   

  12  0:00  SCV  
  13  0:13  SCV  
  14  0:17  Supply Depot  
  14  0:25  SCV  
  15  0:39  SCV  
  15  0:42  Barracks  
  16  0:46  Refinery  
  16  0:51  SCV  
  17  1:04  SCV  
  18  1:16  SCV  
  19  1:30  Reaper, Orbital Command  
  20  1:39  Command Center  
  20  1:49  Supply Depot  
  20  1:55  SCV  
  21  2:02  Marine  
  21  2:07  SCV  
  23  2:13  Factory  
  23  2:19  SCV  
  24  2:24  Barracks Reactor  
  24  2:31  SCV  
  25  2:39  Command Center  
  25  2:44  SCV  
  26  2:52  Orbital Command  
  26  2:56  SCV  
  27  3:06  Starport  
  27  3:08  SCV  
  27  3:11  Hellion  
  27  3:12  Hellion  
  32  3:15  Barracks Tech Lab  
  32  3:16  Barracks  
  32  3:18  SCV  
  33  3:20  SCV  
  34  3:30  SCV  
  34  3:31  Refinery  
  34  3:32  SCV  
  36  3:37  Marine, Stimpack  
  37  3:42  SCV  
  37  3:44  SCV  
  37  3:46  Barracks  
  39  3:50  Supply Depot, Factory Reactor  
  39  3:55  SCV, Orbital Command  
  40  3:56  SCV  
  40  3:58  Marine  
  42  4:07  SCV  
  42  4:08  SCV  
  44  4:12  Engineering Bay  
  44  4:15  Engineering Bay  
  44  4:16  Marine  
  44  4:17  Engineering Bay  
  45  4:19  SCV  
  45  4:20  SCV  
  45  4:22  Refinery x2  
  45  4:25  Marine x2  
  45  4:31  SCV  
  48  4:32  SCV  
  48  4:33  Factory Reactor, Orbital Command  
  48  4:36  Starport  
  49  4:43  SCV  
  49  4:44  Marine x4  
  49  4:45  SCV  
  55  4:51  Terran Infantry Weapons Level 1, Terran Infantry Armor Level 1  
  55  4:53  Marine  
  55  4:55  SCV  
  55  4:57  SCV  
  55  4:58  SCV  
  59  5:02  Supply Depot, Marine x2  
  61  5:07  SCV  
  61  5:09  SCV  
  61  5:10  SCV  
  61  5:14  Missile Turret  
  64  5:15  Missile Turret  
  64  5:16  Missile Turret  
  64  5:19  SCV, Factory Reactor  
  65  5:21  SCV  
  65  5:22  Barracks  
  65  5:25  Barracks  
  65  5:26  SCV  
  67  5:30  Supply Depot  
  67  5:31  SCV  
  67  5:33  Medivac, SCV  
  71  5:36  Medivac  
  71  5:38  SCV  
  74  5:43  SCV  
  74  5:45  Refinery, SCV  
  74  5:47  Armory  
  76  5:50  SCV  
  76  5:52  Supply Depot x2  
  76  5:55  Combat Shields  
  76  5:56  SCV  
  78  6:00  SCV  
  78  6:03  Barracks  
  79  6:06  Barracks x2  
  79  6:08  SCV x2  
  81  6:15  Marine  
  81  6:16  Marine x3  
  81  6:17  Barracks Reactor x2  
  81  6:18  SCV  
  86  6:19  Supply Depot  
  86  6:21  Marine  
  86  6:24  Medivac  
  89  6:27  SCV  
  89  6:28  SCV  
  89  6:30  Medivac, SCV  
  94  6:33  Marine x3  
  94  6:38  Supply Depot x2  
  94  6:39  Marine  
  98  6:41  Marine  
  99  6:50  Marine  
  99  6:51  Marine x3  
  103  6:57  Marine  
  103  6:59  Marine  
  103  7:05  Marine  
  103  7:06  Marine x3  
  97  7:09  Medivac x2  
  97  7:12  Barracks Reactor x2  
  97  7:13  Barracks Reactor  
  97  7:14  Supply Depot  
  97  7:15  Marine x2  
  93  7:16  Marine x2  
  93  7:17  Marine  
  98  7:23  Terran Infantry Armor Level 2, Marine, Terran Infantry Weapons Level 2  
  98  7:24  Marine x2  
  98  7:25  Supply Depot  
  98  7:26  Marine  
  102  7:33  Marine x3  
  102  7:34  Marine  
  102  7:35  Marine  
  107  7:39  Medivac x2  
  107  7:41  Marine  
  107  7:42  Marine x2  
  114  7:45  Marine  
  114  7:51  Marine x4  
  114  7:52  Marine x6  
  114  7:53  Marine  
  114  7:56  Supply Depot x2  
  125  7:58  Supply Depot  
  125  7:59  Marine x3  
  125  8:03  Marine  
  129  8:09  Marine x5, Medivac x2  
  129  8:10  Marine x3  
  129  8:12  Marine  
  141  8:15  Marine  
  141  8:16  Marine  
  141  8:17  Marine x3  
  144  8:21  Marine  
  144  8:26  Marine  
  144  8:27  Marine x7  
  145  8:30  Marine  
  145  8:33  Marine  
  155  8:34  Marine  
  155  8:35  Marine x3  
  155  8:37  Supply Depot x3  
  155  8:38  Marine  
  160  8:44  Marine x2, Medivac  
  160  8:45  Marine x5  
  160  8:47  Marine  
  172  8:48  Marauder  
  172  8:51  Marine  
  173  8:59  Marine x5  
  173  9:02  Marine x2  
  179  9:03  Marine x4  
  170  9:10  Marauder  
  170  9:16  Marine  
  146  9:17  Viking, Marine x7  
  146  9:20  Marine x2  
  146  9:23  Marine x4  
  161  9:31  Marauder  
  163  9:34  Marine  
  143  9:49  Marine x2  
  143  9:52  Marine x3, Marauder  
  141  9:53  Marine x9  
  132  10:06  Medivac  
  132  10:07  Marine x2  
  131  10:10  Marine x9  
  131  10:11  Marine x3  
  146  10:15  Medivac  
  148  10:24  Marine  
  148  10:25  Marine  
  148  10:28  Marine x8  
  151  10:29  Marine x3  
  151  10:32  Terran Infantry Weapons Level 3  
  151  10:34  Terran Infantry Armor Level 3  
  160  10:48  Viking x2  
  163  11:00  Starport  
  163  11:02  Starport  
  152  11:17  Marine  
  152  11:18  Viking, Marine x10  
  163  11:19  Viking  
  167  11:25  Orbital Command  
  169  11:35  Terran Ship Weapons Level 1  
  169  11:37  Marine x2  
  169  11:38  Refinery  
  169  11:39  Viking  
  171  11:40  Viking  
  171  11:42  Refinery  
  171  11:43  Marine x2  
  175  11:48  Viking  
  177  11:54  Viking  
  179  12:09  Viking, Marine x6  
  179  12:10  Viking, Marine x7  
  179  12:13  Marine  
  196  12:39  Marine  
  197  12:44  Marine x3  
  197  12:45  Marine x5  
  197  12:46  Viking x3, Marine x6  
  173  12:57  Marine  
  166  13:02  Marine x4  
  166  13:03  Marine x5  
  166  13:04  Marine x5  
  172  13:06  Medivac  
  171  13:16  Viking, Medivac x2  
  171  13:19  Marine  
  177  13:20  Marine x4  
  177  13:26  Marine  
  182  13:27  Marine x7  
  182  13:28  Marine  
  182  13:29  Marine  
  191  13:35  Command Center  
  191  13:37  Marine x2  
  191  13:38  Marine x3  
  196  13:44  Marine  
  197  13:52  Marine x2  
  197  13:53  Viking, Marine x3  
  197  13:54  Viking  
  197  13:55  Medivac  
  141  14:02  Marine  
  141  14:03  Marine x8  
  141  14:09  Marine  
  129  14:11  Marine x2  
  129  14:12  Marine x3  
  122  14:21  Marine x5  
Tags
 
Add a new tag
Caveats
  • Supply blocks, unpowered buildings, or Contaminate may cause inaccurate times.
  • Supply counts are checked every 10 seconds.